 Dungeon Crawl Stone Soup version 0.20-a0-681-gf83e07f (webtiles) character file.

674 polly the Cudgeler (level 7, -1/44 HPs)
             Began as a Gargoyle Fighter on Feb 19, 2017.
             Killed by nerve-wracking pain
             ... invoked by Grinder
              (6 damage)
             ... on level 5 of the Dungeon.
             The game lasted 00:04:00 (3137 turns).

polly the Cudgeler (Gargoyle Fighter)               Turns: 3137, Time: 00:04:01

Health: -1/44      AC: 14    Str: 26    XL:     7   Next: 59%
Magic:  7/7        EV: 16    Int:  9    God:
Gold:   183        SH: 11    Dex: 14    Spells: 6/6 levels left

rFire    . . .     SeeInvis .   a - +0 flail
rCold    . . .     Gourm    .   b - +0 scale mail
rNeg     + . .     Faith    .   c - +0 shield
rPois    ∞         Spirit   .   d - +0 helmet
rElec    +         Reflect  .   (no cloak)
rCorr    .         Harm     .   (no gloves)
MR       .....                  k - +0 pair of boots
Stlth    +.........             (no amulet)
Regen    0.2/turn               (no ring)
MPRegen  0.1/turn               p - +3 ring of evasion (curse)

@: mighty, agile
A: negative energy resistance 1, electricity resistance, unbreathing,
petrification resistance, rot immunity, AC +4
a: no special abilities


You were on level 5 of the Dungeon.
You were very hungry.

You visited 1 branch of the dungeon, and saw 5 of its levels.

You collected 183 gold pieces.

Inventory:

Hand Weapons
 a - a +0 flail (weapon)
Missiles
 q - 3 poisoned javelins (quivered)
Armour
 b - a +0 scale mail (worn)
 c - a +0 shield (worn)
 d - a +0 helmet (worn)
 k - a +0 pair of boots (worn)
Jewellery
 p - a cursed +3 ring of evasion (left hand)
Wands
 r - a wand of random effects (28/48)
Scrolls
 h - a scroll of remove curse {unknown}
 i - 2 scrolls of teleportation {unknown}
 m - a scroll of enchant armour {unknown}
 t - 3 scrolls of identify {unknown}
 u - 2 scrolls of blinking {unknown}
 v - a scroll of recharging {unknown}
Potions
 e - a potion of agility
 g - a potion of lignification {unknown}
 j - a potion of flight {unknown}
 l - a potion of ambrosia {unknown}
 n - 2 potions of heal wounds {unknown}
 o - a potion of curing {unknown}
 s - a potion of might
Comestibles
 f - 3 bread rations


   Skills:
 + Level 4.3 Fighting
 + Level 5.5 Maces & Flails
 + Level 4.6 Armour
 + Level 1.1 Dodging
 - Level 1.3 Stealth
 + Level 5.4 Shields


You had 6 spell levels left.
You didn't know any spells.

Dungeon Overview and Level Annotations

Branches:
Dungeon (5/15)
 Temple: D:4-7

Altars:
Fedhas
Trog
Xom
The Shining One

Annotations:
D:5 Grinder


Innate Abilities, Weirdness & Mutations

You are resistant to torment.
Your stone body is resilient. (AC +4)
You are immune to poison.
You resist negative energy. (rN+)
You are resistant to electric shocks. (rElec)
You can survive without breathing.
You are immune to petrification.
You are immune to rotting.


Message History

You barely miss Grinder.
Grinder is severely wounded.
Grinder gestures at you.
You suddenly lose the ability to move!
Grinder hits you.
* * * LOW HITPOINT WARNING * * *
You writhe in agony.
* * * LOW HITPOINT WARNING * * *
Grinder hits you but does no damage. x2
You can move again.
Unknown command.
You hit Grinder.
Grinder is almost dead.
Grinder gestures at you.
You struggle to resist.
Your scale mail prevents you from hitting Grinder.
Grinder is almost dead.
Grinder gestures at you. Pain shoots through your body!
You die...

..
...#.##########
####.####.#.#
))..........#
≈##....###.###
≈≈###..###.#
#≈≈≈≈......#
≈≈#≈##..####
≈≈≈≈≈#..#
≈≈≈≈≈≈.@#
#≈#≈##.5# ≈≈
#...# ≈≈ #..$#
# #.....#
........#
....[...#
#########


You could see Grinder.

Vanquished Creatures
  Menkaure (D:5)
  A sky beast (D:5)
  A jelly (D:5)
  2 orc wizards
  A hound (D:4)
  3 worker ants (D:4)
  A hound skeleton (D:4)
  Robin (D:3)
  A worker ant zombie (D:5)
  7 gnolls (D:3)
  5 adders
  A shadow imp (D:4)
  2 oozes
  A worm (D:3)
  2 dart slugs
  3 leopard geckos
  8 orcs
  2 giant cockroaches
  8 goblins
  17 hobgoblins
  5 quokkas
  2 ball pythons
  9 bats
  3 frilled lizards
  4 kobolds
  12 rats
103 creatures vanquished.

Notes
Turn   | Place    | Note
-------+----------+-------------------------------------------
     0 | D:1      | polly the Gargoyle Fighter began the quest for the Orb.
     0 | D:1      | Reached XP level 1. HP: 14/14 MP: 1/1
   124 | D:1      | Reached XP level 2. HP: 13/19 MP: 2/2
   382 | D:1      | Reached XP level 3. HP: 24/24 MP: 3/3
   967 | D:2      | Reached XP level 4. HP: 29/29 MP: 4/4
  1308 | D:2      | Found a shimmering altar of Xom.
  1468 | D:3      | Found a glowing golden altar of the Shining One.
  1475 | D:3      | Noticed Robin
  1508 | D:3      | Killed Robin
  1810 | D:3      | Reached XP level 5. HP: 18/33 MP: 5/5
  2101 | D:3      | Reached XP level 6. HP: 37/38 MP: 6/6
  2207 | D:3      | Noticed a moth of wrath
  2210 | D:3      | Found a bloodstained altar of Trog.
  2622 | D:4      | Found a blossoming altar of Fedhas.
  2685 | D:4      | Reached skill level 1 in Dodging
  2926 | D:5      | Entered Level 5 of the Dungeon
  2935 | D:5      | Noticed a sky beast
  2961 | D:5      | Killed a sky beast
  2961 | D:5      | Reached skill level 5 in Maces & Flails
  2961 | D:5      | Reached skill level 5 in Shields
  2961 | D:5      | Reached XP level 7. HP: 43/44 MP: 7/7
  2991 | D:5      | Noticed Menkaure
  2998 | D:5      | Killed Menkaure
  2998 | D:5      | Reached skill level 1 in Stealth
  3104 | D:5      | Noticed Grinder
  3116 | D:5      | Paralysed by Grinder for 7 turns
  3132 | D:5      | Paralysed by Grinder for 4 turns
  3137 | D:5      | Killed from afar by Grinder

Vault maps used:
D:1:      minmay_arrival_five_plusses
D:2:      lemuel_coloured_pillars_altar
D:3:      tgw_trog, tso_metal_star, uniq_robin
D:4:      lemuel_crystal_altar, first_bread, kennysheep_generic_room_11
D:5:      gammafunk_temple_overflow_wave, minivault_4, uniq_grinder,
          uniq_sigmund, uniq_menkaure

Skill      XL: |  1  2  3  4  5  6  7 |
---------------+----------------------+-----
Shields        | 4 5 |  5.4
Maces & Flails | 3 5 |  5.5
Fighting       | 4 |  4.3
Armour         | 4 |  4.6
Dodging        | 1 |  1.1
Stealth        | 1 |  1.3

Action                   |  1- 3 |  4- 6 |  7- 9 || total
-------------------------+-------+-------+-------++-------
Melee: Flail             |   142 |   287 |    30 ||   459
  Use: Potion            |       |     2 |     2 ||     4
  Eat: Chunk             |       |     7 |       ||     7
Armor: Scale mail        |   106 |   127 |    12 ||   245
Dodge: Dodged            |    56 |   116 |     9 ||   181
Block: Shield            |    87 |   173 |    13 ||   273
